 Dungeon Crawl Stone Soup version 0.30-a0-636-g200c5c4a83 (webtiles) character file.

Game seed: 11877322545201949567

954 qJeffTheKiller the Covered (level 7, -4/62 HPs)
             Began as a Minotaur Fighter on Jan 15, 2023.
             Was an Initiate of Makhleb.
             Succumbed to a killer bee's poison
             ... on level 6 of the Dungeon.
             The game lasted 00:34:00 (5465 turns).

qJeffTheKiller the Covered (Minotaur Fighter)       Turns: 5465, Time: 00:34:01

Health: -4/62      AC: 14    Str: 23    XL:     7   Next: 91%
Magic:  6/6        EV: 11    Int:  8    God:    Makhleb [......]
Gold:   200        SH:  8    Dex:  9    Spells: 6/6 levels left

rFire   . . .      SeeInvis .    p - +3 scimitar (heavy)
rCold   + . .      Faith    .    c - +0 buckler
rNeg    + . .      Spirit   .    m - +1 ring mail of Tempters {rC+ Int+3}
rPois   .          Reflect  .    (helmet restricted)
rElec   .          Harm     .    (no cloak)
rCorr   .          Rampage  .    b - +0 pair of gloves
Will    .....                    (no boots)
Stlth   +                        (no amulet)
HPRegen 0.30/turn                z - +4 ring of protection
MPRegen 0.10/turn                s - ring of positive energy

@: lethally poisoned (-4 -> -28), invisible
A: horns 2, retaliatory headbutt, iridescent scales 1, large bone plates 1
a: Renounce Religion


You were on level 6 of the Dungeon.
You worshipped Makhleb.
Makhleb was noncommittal.
You visited 2 branches of the dungeon, and saw 7 of its levels.

You collected 200 gold pieces.

Inventory:

Hand Weapons
 p - a +3 heavy scimitar (weapon)
Missiles
 k - 6 poisoned darts
 n - 9 boomerangs
Armour
 b - a +0 pair of gloves (worn)
 c - a +0 buckler (worn)
 m - the +1 ring mail of Tempters (worn) {rC+ Int+3}
   (You found it on level 2 of the Dungeon)

   Int:       It affects your intelligence (+3).
   rC:        It protects you from cold.
 E - a +0 leather armour of positive energy
Jewellery
 s - a ring of positive energy (right hand)
 z - a +4 ring of protection (left hand)
Wands
 C - a wand of charming (9)
Scrolls
 a - a scroll of identify
 d - a scroll of immolation
 h - a scroll of enchant armour
 i - a scroll of fear
 j - a scroll of fog
 t - a scroll of magic mapping
 w - a scroll of blinking
 y - a scroll of poison
 A - 2 scrolls of teleportation
Potions
 l - a potion of curing
 r - a potion of berserk rage
 x - a potion of brilliance


   Skills:
 + Level 5.7 Fighting
 + Level 2.0(3.7) Short Blades
 + Level 5.3(5.6) Long Blades
 + Level 2.8 Maces & Flails
 + Level 6.3 Armour
 + Level 3.3 Dodging
 + Level 0.6 Stealth
 + Level 5.0 Shields
 + Level 0.2 Evocations


You had 6 spell levels left.
You didn't know any spells.
Your spell library contained the following spells:

 Spells                   Type           Power      Damage    Failure   Level
 Necrotise                Necr           0%         1d4       63%         1
 Slow                     Hex            0%         N/A       63%         1
 Confusing Touch          Hex            0%         N/A       94%         3
 Vampiric Draining        Necr           0%         2d6       94%         3
 Vhi's Electric Charge    Tloc/Air       0%         N/A       94%         3
 Agony                    Necr           0%         N/A       100%        5
 Arcjolt                  Conj/Air       0%         1d10      100%        5
 Maxwell's Capacitive Co  Air            0%         ∞         100%        8


Dungeon Overview and Level Annotations

Branches:
Dungeon (6/15)             Temple (1/1) D:5

Altars:
Ashenzari
Cheibriados
Dithmenos
Fedhas
Gozag
Hepliaklqana
Kikubaaqudgha
Makhleb
Nemelex Xobeh
Okawaru
Qazlal
Ru
Sif Muna
Trog
Uskayaw
Vehumet
Wu Jian
Xom
Yredelemnul
Zin
The Shining One

Shops:
D:1 [(?*!   D:3 [[   D:5 *


Innate Abilities, Weirdness & Mutations

You have a pair of horns on your head.
You reflexively headbutt those who attack you in melee.
You are partially covered in iridescent scales. (AC +2)
You are partially covered in large bone plates. (SH +4)


Message History

You are more poisoned.
The killer bee poisons you! The killer bee closely misses you.
The killer bee barely misses you. You block the killer bee's attack.
The water moccasin bites you.
You are lethally poisoned!
The water moccasin poisons you!
The killer bee stings you but does no damage.
You barely miss the killer bee.
The killer bee is lightly wounded.
* * * LOW HITPOINT WARNING * * *
You feel extremely sick. The killer bee stings you.
* * * LOW HITPOINT WARNING * * *
You are more poisoned.
The killer bee poisons you!
The killer bee stings you but does no damage.
The killer bee misses you. The water moccasin barely misses you.
The killer bee stings you but does no damage.
The killer bee barely misses you. You block the killer bee's attack.
The water moccasin bites you but does no damage.
You block the killer bee's attack.
The killer bee stings you but does no damage.
The killer bee completely misses you. You furiously retaliate!
You headbutt the killer bee!
The killer bee stings you but does no damage. x2
The killer bee closely misses you. You furiously retaliate!
You headbutt the killer bee! You block the water moccasin's attack.
You fade into invisibility!
* * * LOW HITPOINT WARNING * * *
You feel extremely sick. You block the killer bee's attack.
The killer bee stings you but does no damage.
The killer bee barely misses you. You furiously retaliate!
You headbutt the killer bee!
You kill the killer bee!
Makhleb accepts your kill.
The water moccasin bites you but does no damage.
The killer bee stings you but does no damage.
The killer bee misses you.
You die...

#..........
#..........
#..........
#........
#.......
#.....#
#...yS#
#..y†.#
#...@.#
#.....#
#.....#
#.....#
#.....#
#)....#
#...^.#
#.....#
#.....#


You could see a water moccasin (unable to see you) and 2 killer bees.

Vanquished Creatures
  Menkaure (D:5)
  A water moccasin (D:5)
  An ice beast (D:5)
  An ogre (D:5)
  2 killer bees (D:6)
  2 hounds
  A gnoll bouda (D:4)
  An orc priest (D:5)
  Ijyb (D:3)
  2 orc wizards (D:4)
  2 iguanas (D:5)
  6 gnolls
  6 adders
  An ufetubus (D:4)
  10 orcs
  8 ball pythons
  4 bats
  3 endoplasms
  5 giant cockroaches
  12 goblins
  16 hobgoblins
  3 jackals (D:2)
  4 quokkas
  2 frilled lizards
  7 kobolds
  7 rats
109 creatures vanquished.

Vanquished Creatures (others)
  17 plants
17 creatures vanquished.

Grand Total: 126 creatures vanquished

Notes
Turn   | Place    | Note
-------+----------+-------------------------------------------
     0 | D:1      | qJeffTheKiller the Minotaur Fighter began the quest for the
                  | Orb.
     0 | D:1      | Reached XP level 1. HP: 19/19 MP: 0/0
    50 | D:1      | Reached XP level 2. HP: 22/27 MP: 1/1
   109 | D:1      | Found Pimyol's Magic Scroll Shop.
   117 | D:1      | Found Geocabb's General Store.
   366 | D:1      | Found Ciodour's Distillery.
   396 | D:1      | Found Koadesm's Antique Weapon Boutique.
   452 | D:1      | Found Jiruunij's Antique Armour Shop.
   670 | D:1      | Reached XP level 3. HP: 33/33 MP: 2/2
   919 | D:2      | Reached skill level 4 in Armour
   921 | D:2      | Reached skill level 1 in Dodging
   929 | D:2      | Reached skill level 1 in Short Blades
   990 | D:2      | Reached XP level 4. HP: 41/41 MP: 3/3
  1116 | D:2      | Identified the +1 ring mail of Tempters {rC+ Int+3}
  1649 | D:2      | Identified the +5 dagger "Gurphej" {freeze, rF+ Stlth+}
  1989 | D:3      | Found Iphidaz's Armour Shoppe.
  2015 | D:3      | Found Qistrinn's Armour Boutique.
  2270 | D:3      | Noticed Ijyb
  2289 | D:3      | Killed Ijyb
  2890 | D:3      | Reached XP level 5. HP: 47/47 MP: 4/4
  2988 | D:4      | Reached skill level 5 in Armour
  3416 | D:4      | Reached skill level 1 in Long Blades
  3483 | D:4      | Reached skill level 5 in Fighting
  3483 | D:4      | Reached XP level 6. HP: 52/56 MP: 5/5
  3662 | D:4      | Found a sacrificial altar of Ru.
  4185 | D:5      | Entered Level 5 of the Dungeon
  4299 | D:5      | Noticed a water moccasin
  4319 | D:5      | Killed a water moccasin
  4333 | D:5      | Found Bomopso's Assorted Antiques.
  4462 | D:5      | Found a staircase to the Ecumenical Temple.
  4558 | D:5      | Noticed an ice beast
  4570 | D:5      | Killed an ice beast
  4571 | D:5      | Reached XP level 7. HP: 54/61 MP: 6/6
  4803 | D:5      | Reached skill level 6 in Armour
  4912 | D:5      | Noticed Menkaure
  4927 | D:5      | Killed Menkaure
  4928 | D:5      | Reached skill level 5 in Long Blades
  4928 | D:5      | Reached skill level 5 in Shields
  5082 | Temple   | Entered the Ecumenical Temple
  5196 | Temple   | Became a worshipper of Makhleb the Destroyer
  5331 | Temple   | Gained mutation: You are partially covered in iridescent
                  | scales. (AC +2) [potion of mutation]
  5331 | Temple   | Gained mutation: You are partially covered in large bone
                  | plates. (SH +4) [potion of mutation]
  5422 | D:6      | Found a glowing silver altar of Zin.
  5464 | D:6      | HP: 2/62 [poisoned by a killer bee]
  5465 | D:6      | Succumbed to a killer bee's poison

Illustrated notes

Levels and vault maps discovered:
D:1:      shiori_arrival_oz, layout_rooms, serial_shops, nicolae_shop_trees,
          nicolae_shop_stone, shop_fountains, nicolae_shop_advertising_works
          [nicolae_subvault_shop_adworks], nicolae_shop_stone,
          serial_bayou_crossing
D:2:      layout_basic
D:3:      corexii_shack_village, layout_loops_ring, serial_shops, shop,
          nicolae_shop_trees, minmay_misc_feat_chi, kennysheep_generic_room_4,
          uniq_ijyb
D:4:      layout_loops_corners, nicolae_ru_awakened_eye, nicolae_grassy_gnolls
D:5:      layout_loops_ring, minmay_temple_entry_junction, serial_shops, shop,
          uniq_menkaure
D:6:      layout_gridville, mainiacjoe_overflow_six_doors_small,
          enter_ossuary_5, uniq_maggie
Temple:   hellmonk_temple_of_storms

Skill      XL: |  1  2  3  4  5  6  7 |
---------------+----------------------+-----
Fighting       | 4 5 |  5.7
Shields        | 4 5 |  5.0
Armour         | 4 5 6 |  6.3
Dodging        | 1 2 3 |  3.3
Short Blades   | 1 2 |  2.0
Long Blades    | 2 4 5 |  5.3
Maces & Flails | |  2.8
Stealth        | |  0.6
Evocations     | |  0.2

Action                   |  1- 3 |  4- 6 |  7- 9 || total
-------------------------+-------+-------+-------++-------
Melee: Flail             |    15 |       |       ||    15
       Headbutt          |    20 |    34 |     3 ||    57
       Dagger            |    90 |   112 |       ||   202
       Scimitar          |       |    93 |    27 ||   120
Evoke: Wand              |       |       |     4 ||     4
  Use: Potion            |     1 |     6 |     5 ||    12
       Scroll            |       |     9 |     4 ||    13
Armor: Scale mail        |    31 |     1 |       ||    32
       Ring mail         |       |    97 |    26 ||   123
Dodge: Dodged            |    33 |    99 |    41 ||   173
Block: Buckler           |    10 |    45 |    20 ||    75

Table legend: (Time is in decaauts)
 A = Elapsed time spent in this place.
 B = Non-inter-level travel time spent in this place.
 C = Inter-level travel time spent in this place.
 D = Time resting spent in this place.
 E = Time spent auto-exploring this place.
 F = Levels seen in this place.
 G = Mean time per level.
                   A        B        C        D        E       F      G
               +--------+--------+--------+--------+--------+-----+--------+
         Total |   5566 |   3870 |   1696 |    753 |   1856 |   7 |  795.1 |
       Dungeon |   5313 |   3748 |   1565 |    653 |   1856 |   6 |  885.5 |
        Temple |    253 |    122 |    131 |    100 |      0 |   1 |  253.0 |
               +--------+--------+--------+--------+--------+-----+--------+

Top non-repeatable levels by time:
     D:4: 1296 daAuts
     D:2: 1177 daAuts
     D:3: 1055 daAuts
     D:5: 989 daAuts
     D:1: 738 daAuts
  Temple: 253 daAuts
     D:6: 55 daAuts
